 Dungeon Crawl Stone Soup version 0.16.1-7-g2c6721e (console) character file.

77 Monkaria the Slasher (level 4, -1/38 HPs)
             Began as a Minotaur Skald on Mar 29, 2015.
             Was an Initiate of Nemelex Xobeh.
             Slain by an iguana (12 damage)
             ... on level 3 of the Dungeon.
             The game lasted 00:02:10 (2025 turns).

Monkaria the Slasher (Minotaur Skald)               Turns: 2025, Time: 00:02:10

Health: -1/38      AC:  5    Str: 18    XL:     4   Next: 13%
Magic:  4/4        EV: 11    Int:  9    God:    Nemelex Xobeh [......]
Gold:   110        SH:  0    Dex:  9    Spells: 1 memorised, 4 levels left

rFire  . . .     SeeInvis .     a - +0 falchion
rCold  . . .     Clarity  .     m - +0 leather armour (curse)
rNeg   . . .     SustAb   .     (no shield)
rPois  .         Gourm    .     (helmet restricted)
rElec  .         Spirit   .     i - +1 cloak
rCorr  .         Warding  .     (no gloves)
rMut   .         Stasis   .     (no boots)
MR     .....                    (no amulet)
Stlth  +.........               (no ring)
                                (no ring)

@: not resistant to hostile enchantments, very unstealthy
A: retaliatory headbutt, horns 2
a: Renounce Religion


You were on level 3 of the Dungeon.
You worshipped Nemelex Xobeh.
Nemelex Xobeh was noncommittal.
You were hungry.

You visited 1 branch of the dungeon, and saw 3 of its levels.

You collected 110 gold pieces.

Inventory:

Hand weapons
 a - a +0 falchion (weapon)
Armour
 i - a +1 cloak (worn)
 m - a cursed +0 leather armour (worn)
Scrolls
 b - a scroll of enchant armour {unknown}
 e - a scroll of magic mapping {unknown}
 f - a scroll of immolation {unknown}
 g - a scroll of recharging {unknown}
 h - 2 scrolls of amnesia {unknown}
 j - a scroll of identify {unknown}
 n - a scroll of noise {unknown}
 p - a scroll of enchant weapon {unknown}
Potions
 l - a potion of might {unknown}
 o - a potion of cancellation {unknown}
Books
 c - a book of Battle

   Spells                             Type                      Level
   a - Infusion                       Charms                       1
   b - Shroud of Golubria             Charms/Translocation         2
   c - Song of Slaying                Charms                       2
   d - Spectral Weapon                Hexes/Charms                 3
   e - Regeneration                   Charms/Necromancy            3
Miscellaneous
 q - a plain deck of destruction
Comestibles
 d - 2 bread rations
 k - 5 chunks of flesh


   Skills:
 + Level 3.5 Fighting
 * Level 4.6 Long Blades
 - Level 1.2 Armour
 - Level 1.1 Dodging
 - Level 1.3 Spellcasting
 - Level 2.0 Charms


You had 4 spell levels left.
You knew the following spells:

 Your Spells              Type           Power        Failure   Level  Hunger
a - Infusion              Chrm           #.....       21%         1    ##.....


Dungeon Overview and Level Annotations

Branches:
Dungeon (3/15)

Altars:
Elyvilon
Nemelex Xobeh


Innate Abilities, Weirdness & Mutations

You reflexively headbutt those who attack you in melee.
You have a pair of horns on your head.


Message History

You are too injured to fight recklessly!
You are too injured to fight recklessly!
You are too injured to fight recklessly!
You are too injured to fight recklessly!
You are too injured to fight recklessly!
You are too injured to fight recklessly!
You are too injured to fight recklessly!
You are too injured to fight recklessly!
You are too injured to fight recklessly!
You are too injured to fight recklessly!
Unknown command.
You hit the iguana but do no damage. You headbutt the iguana!
The iguana is heavily wounded.
Unknown command.
Unknown command.
You see here 8 gold pieces.
You now have 110 gold pieces (gained 8).
The iguana bites you!
You die...
Your body disappears without a glow.

..... .... .. #..# ..
#..###.### ..
#.......... #> #..# . #.
#.###..# #...# #.
#....l# #...# #.
#.####@## ###...#####.
##...##...........<.
#.###.....#.# #..<##....
#...........###...##[...
#####.....##......##....
##...###.##.......#.
##.## #.####.#####. #.#
#.# ##.#####. #.# #.#
#...)....


You could see an iguana.

Vanquished Creatures
  2 adders (D:2)
  A gnoll (D:1)
  2 worms
  A giant gecko (D:2)
  3 giant cockroaches
  6 hobgoblins
  A quokka (D:3)
  2 ball pythons (D:2)
  4 bats
  2 giant newts (D:1)
  6 goblins
  4 kobolds
  5 rats
39 creatures vanquished.

Notes
Turn   | Place    | Note
--------------------------------------------------------------
     0 | D:1      | Monkaria, the Minotaur Skald, began the quest for the Orb.
     0 | D:1      | Reached XP level 1. HP: 18/18 MP: 2/2
     9 | D:1      | Reached skill level 3 in Long Blades
     9 | D:1      | Reached XP level 2. HP: 16/25 MP: 2/2
   594 | D:2      | Reached XP level 3. HP: 17/31 MP: 3/3
   910 | D:2      | Reached skill level 4 in Long Blades
  1547 | D:2      | Found a white marble altar of Elyvilon.
  1583 | D:2      | Found a sparkling altar of Nemelex Xobeh.
  1594 | D:2      | Became a worshipper of Nemelex Xobeh the Trickster
  1831 | D:2      | Reached XP level 4. HP: 22/38 MP: 4/4
  1994 | D:3      | Received a gift from Nemelex Xobeh
  2025 | D:3      | Slain by an iguana

Action                   |  1- 3 |  4- 6 || total
-------------------------+-------+-------++-------
Melee: Falchion          |   104 |    14 ||   118
  Eat: Chunk             |     3 |       ||     3
